 Dungeon Crawl Stone Soup version 0.31-a0-982-g1816016f30 (webtiles) character file.

Game seed: 17105068568288867669

35 BinkBink the Sneak (level 3, 0/19 HPs)
             Began as a Kobold Enchanter on Nov 2, 2023.
             Slain by a gnoll
             ... wielding a +4 spear
              (6 damage)
             ... on level 2 of the Dungeon.
             The game lasted 00:02:05 (842 turns).

BinkBink the Sneak (Kobold Enchanter)                Turns: 842, Time: 00:02:06

Health: 0/19       AC:  2    Str:  5    XL:     3   Next: 55%
Magic:  6/6        EV: 15    Int: 16    God:
Gold:   23         SH:  0    Dex: 17    Spells: 7/7 levels left

rFire   . . .        d - +0 dagger (freeze)
rCold   . . .        (no shield)
rNeg    . . .        b - +0 robe
rPois   .            (no helmet)
rElec   .            (no cloak)
rCorr   .            (no gloves)
SInv    .            (no boots)
Will    .....        (no amulet)
Stlth   ++++         (no ring)
HPRegen 0.23/turn    (no ring)
MPRegen 0.10/turn

%: no passive effects
@: no status effects
A: small, no large weapons, nightstalker 3
a: no special abilities


You were on level 2 of the Dungeon.
You visited 1 branch of the dungeon, and saw 2 of its levels.

You collected 23 gold pieces.

Inventory:

Hand Weapons
 a - a +1 dagger
 d - a +0 dagger of freezing (weapon)
Armour
 b - a +0 robe (worn)
Jewellery
 e - a ring of ice
Talismans
 f - a beast talisman
Scrolls
 h - a scroll of acquirement {unknown}
Potions
 c - 2 potions of invisibility
 g - a potion of heal wounds {unknown}
 i - a potion of mutation {unknown}
 j - a potion of degeneration {unknown}


   Skills:
 + Level 2.2 Short Blades
 + Level 2.9 Dodging
 + Level 4.5 Stealth
 + Level 2.5 Spellcasting
 + Level 3.2 Hexes


You had 7 spell levels left.
You didn't know any spells.
Your spell library contained the following spells:

 Spells                   Type           Power      Damage    Failure   Level
 Ensorcelled Hibernation  Hex/Ice        14%        N/A       16%         2
 Confusing Touch          Hex            12%        N/A       16%         3
 Tukima's Dance           Hex            12%        N/A       16%         3
 Foxfire                  Conj/Fire      8%         2x1d4     21%         1
 Magic Dart               Conj           8%         1d3       21%         1
 Lesser Beckoning         Tloc           4%         N/A       30%         2
 Searing Ray              Conj           4%         2d4       30%         2
 Dazzling Flash           Conj/Hex       14%        N/A       30%         3
 Gell's Gravitas          Tloc           2%         N/A       52%         3
 Teleport Other           Tloc           2%         N/A       52%         3
 Fulminant Prism          Conj/Hex       3%         3d5       69%         4
 Plasma Beam              Fire/Air       1%         2x1d11    100%        6
 Starburst                Conj/Fire      1%         6d3       100%        6


Dungeon Overview and Level Annotations

Branches:
Dungeon (1/15)

Altars:
Sif Muna

Shops:
D:1 [((?:


Innate Abilities, Weirdness & Mutations

You are small and have problems with some larger weapons.
You are completely attuned to the shadows.


Message History

You hit the bat. You freeze the bat.
You kill the bat!
No target in view!
A giant cockroach comes into view.
A giant cockroach is nearby!
A giant cockroach is nearby!
The giant cockroach closely misses you.
You hit the giant cockroach. You freeze the giant cockroach.
The giant cockroach is almost dead.
The giant cockroach misses you.
You closely miss the giant cockroach.
The giant cockroach is almost dead.
The giant cockroach misses you.
You hit the giant cockroach. You freeze the giant cockroach.
You kill the giant cockroach!
No target in view!
No target in view!
You see here a giant cockroach corpse.
A frilled lizard comes into view.
A frilled lizard is nearby!
A frilled lizard is nearby!
Found a green potion.
The helpless frilled lizard fails to defend itself.
You impale the frilled lizard!!
The frilled lizard seems to slow down.
You freeze the frilled lizard.
You kill the frilled lizard!
No target in view!
No target in view!
j - a green potion A gnoll comes into view.
It is wielding a +4 spear.
A gnoll is nearby! 2 gnolls come into view.
The gnoll hits you from afar with a +4 spear!
Ouch! That really hurt!
You are too injured to fight recklessly!
You are too injured to fight recklessly!
Unknown command.
The gnoll attacks as it pursues you!
The gnoll hits you from afar with a +4 spear.
You die...

.. ... ...... .
...#.# .g #.##.#
......#..# # #.##.#
#..# #..g..g
#.#.##.####..#
#@###.#
#.#.##.......###.###.
.....................
#.#.#..........#.###.
# #.#.##.......#.#
#.#.##....####.#
#.#.##..... ..#
#.#.###....# #.#
+....#


You could see a gnoll.

Vanquished Creatures
  A dart slug (D:1)
  5 ball pythons (D:1)
  2 bats
  3 endoplasms
  A giant cockroach (D:2)
  4 goblins
  3 hobgoblins (D:1)
  3 kobolds (D:1)
  3 quokkas (D:1)
  3 frilled lizards
  2 rats (D:1)
30 creatures vanquished.

Notes
Turn   | Place    | Note
-------+----------+-------------------------------------------
     0 | D:1      | BinkBink the Kobold Enchanter began the quest for the Orb.
     0 | D:1      | Reached XP level 1. HP: 10/10 MP: 3/3
    81 | D:1      | Reached XP level 2. HP: 15/15 MP: 5/5
   308 | D:1      | Found Vetz's Antique Armour Emporium.
   328 | D:1      | Found Lurphoh's Weapon Emporium.
   329 | D:1      | Found Agetyps's Antique Weapon Emporium.
   368 | D:1      | Reached XP level 3. HP: 19/19 MP: 6/6
   375 | D:1      | Found Bevap's Book Boutique.
   582 | D:1      | Found a faded altar of an unknown god.
   606 | D:1      | Found Joaqy's Magic Scroll Shoppe.
   630 | D:1      | Prayed at the altar of an unknown god.
   630 | D:1      | Became a worshipper of Sif Muna the Loreminder
   630 | D:1      | Reached * piety under Sif Muna
   631 | D:1      | Fell from the grace of Sif Muna
   692 | D:1      | You fall into a shaft and drop 1 floor!
   842 | D:2      | Slain by a gnoll

Illustrated notes

Levels and vault maps discovered:
D:1:      dpeg_arrival_stonehenge_8_columns, layout_basic, serial_shops, shop,
          shop, shop, nicolae_shop_tiny_glass, nicolae_shop_rolling_square,
          ebering_ecumenical_altar_abandoned
D:2:      layout_basic, nicolae_grassy_gnolls

Skill      XL: |  1  2 |
---------------+-------+-----
Short Blades   | 2 |  2.2
Dodging        | |  2.9
Stealth        | |  4.5
Spellcasting   | |  2.5
Hexes          | |  3.2

Action                     || total
---------------------------++-------
  Melee: Dagger            ||    60
 Invoke: Renounce Religion ||     1
   Stab: Sleeping          ||    14
 Armour: Robe              ||    11
  Dodge: Dodged            ||    38

Table legend: (Time is in decaauts)
 A = Elapsed time spent in this place.
 B = Non-inter-level travel time spent in this place.
 C = Inter-level travel time spent in this place.
 D = Time resting spent in this place.
 E = Time spent auto-exploring this place.
 F = Levels seen in this place.
 G = Mean time per level.
                   A        B        C        D        E       F      G
               +--------+--------+--------+--------+--------+-----+--------+
         Total |    835 |    814 |     21 |     38 |    614 |   2 |  417.5 |
       Dungeon |    835 |    814 |     21 |     38 |    614 |   2 |  417.5 |
               +--------+--------+--------+--------+--------+-----+--------+

Top non-repeatable levels by time:
     D:1: 687 daAuts
     D:2: 148 daAuts
